 Dungeon Crawl Stone Soup version 0.30.0-5-g1a98f26d00 (webtiles) character file.

Game seed: 6445414375594944902

130 monsoonserge the Covert (level 4, -4/24 HPs)
             Began as a Spriggan Delver on May 12, 2023.
             Was an Initiate of Ru.
             Killed from afar by an orc wizard (9 damage)
             ... with a magic dart
             ... on level 4 of the Dungeon.
             The game lasted 00:05:42 (713 turns).

monsoonserge the Covert (Spriggan Delver)            Turns: 713, Time: 00:05:42

Health: -4/24      AC:  2    Str:  8    XL:     4   Next: 89%
Magic:  5/5        EV: 18    Int: 11    God:    Ru [......]
Gold:   3          SH:  0    Dex: 18    Spells: 3/3 levels left

rFire   + . .        a - +0 short sword
rCold   + . .        (no shield)
rNeg    . . .        b - +0 robe
rPois   .            (helmet restricted)
rElec   .            k - scarf {rC+ rF+}
rCorr   .            (gloves unavailable)
SInv    +            (boots unavailable)
Will    .....        i - amulet of magic regeneration
Stlth   ++++         (no ring)
HPRegen 0.24/turn    (no ring)
MPRegen 0.49/turn

%: no passive effects
@: very quick
A: very small, no large weapons, unfitting armour, see invisible, speed 3
a: Renounce Religion


You were on level 4 of the Dungeon.
You worshipped Ru.
Ru was noncommittal.
You visited 1 branch of the dungeon, and saw 2 of its levels.

You collected 39 gold pieces.
You spent 36 gold pieces at shops.

Inventory:

Hand Weapons
 a - a +0 short sword (weapon)
Armour
 b - a +0 robe (worn)
 k - a scarf of resistance (worn)
Magical Staves
 l - a staff of poison
Jewellery
 i - an amulet of magic regeneration (around neck)
Wands
 g - a wand of digging (3)
Scrolls
 c - a scroll of fog
 d - a scroll of magic mapping
 e - a scroll of fear
 h - 2 scrolls of teleportation
 j - a scroll of identify {unknown}
 m - a scroll of noise {unknown}
Potions
 f - a potion of haste


   Skills:
 + Level 3.4 Fighting
 + Level 3.4 Short Blades
 + Level 3.5 Dodging
 - Level 8.0 Stealth


You had 3 spell levels left.
You didn't know any spells.
Your spell library was empty.

Dungeon Overview and Level Annotations

Branches:
Dungeon (5/15)
 Temple: D:4-7

Altars:
Elyvilon
Ru

Shops:
D:4 ?   D:5 *

Annotations:
D:4 Natasha


Innate Abilities, Weirdness & Mutations

You are very small and have problems with some larger weapons.
You are too small for most types of armour.
You have supernaturally acute eyesight. (SInv)
You cover ground extremely quickly. (Speed+++)


Message History

You easily resist.
You closely miss the orc wizard.
The orc wizard is almost dead.
Natasha hisses angrily.
You hit the orc wizard.
You kill the orc wizard!
An orc comes into view. It is wielding a +0 dagger.
You hit the orc.
The orc is moderately wounded.
The orc closely misses you. The orc wizard completely misses you.
There is an open door here.
Things that are here:
a +0 dagger; a +0 robe; an orc corpse You hit the orc but do no damage.
The orc is moderately wounded.
The orc hits you with a +0 hand axe.
You completely miss the orc.
The orc is moderately wounded.
The orc hits you with a +0 dagger. The orc barely misses you.
An orc comes into view. It is wielding a +0 club.
You hit the orc.
The orc is severely wounded.
The orc barely misses you. The orc hits you with a +0 dagger.
The kobold shouts!
You hit the orc.
You kill the orc!
You hit the orc.
The orc is heavily wounded.
The orc wizard points at you and mumbles some strange words.
The magic dart hits you.
* * * LOW HITPOINT WARNING * * *
You barely miss the orc.
The orc is heavily wounded.
The orc hits you with a +0 dagger.
* * * LOW HITPOINT WARNING * * *
You hit the orc.
The orc is severely wounded.
The orc wizard casts a spell at you. The magic dart hits you!
You die...

#.#....###.##.#
#.###..#....#.#
#......#.##...#
######........#
########.#.>#.#### #####
#........o......... ....#
#.P####..###########.# #.#.#
#..'..#..#..[#..#.# ....#
#..#oo#@o#...#..#.#
⌠...###..####..##o#†).#'##.#
......#..........h##'##....#
⌠...#.#....................#
....#.#.#'#####....o.......#
#.#.#.# # #..###'#..##'#..#
....#.#. #..'.[.#.P#.)#..#
#####.#.#######)..#..#..#..#
#.#.......#####.P####..#


You could see an orc wizard (invisible), Natasha and 2 orcs.

Vanquished Creatures
  An orc priest (D:5)
  2 orc wizards
  2 adders (D:4)
  A dart slug (D:4)
  10 orcs
  An endoplasm (D:4)
  3 goblins (D:4)
  2 hobgoblins (D:4)
  A quokka (D:4)
23 creatures vanquished.

Notes
Turn   | Place    | Note
-------+----------+-------------------------------------------
     0 | D:5      | monsoonserge the Spriggan Delver began the quest for the
                  | Orb.
     0 | D:5      | Reached XP level 1. HP: 11/11 MP: 2/2
    11 | D:5      | Found a sacrificial altar of Ru.
    29 | D:5      | Became a worshipper of Ru the Awakened
    50 | D:5      | Noticed a sleepcap
   144 | D:5      | Noticed a scorpion
   152 | D:5      | Noticed a black bear
   166 | D:5      | Found Ynilej's Assorted Antiques.
   170 | D:5      | Noticed a black bear
   180 | D:4      | Noticed Natasha
   247 | D:4      | Noticed an orc wizard
   248 | D:4      | Noticed an orc wizard
   295 | D:4      | Noticed a cerulean imp
   295 | D:5      | Noticed an orc wizard
   295 | D:5      | Noticed an orc priest
   298 | D:5      | Killed an orc wizard
   299 | D:5      | Reached skill level 8 in Stealth
   299 | D:5      | Reached XP level 2. HP: 16/16 MP: 3/3
   299 | D:5      | Reached XP level 3. HP: 19/19 MP: 4/4
   449 | D:4      | Reached XP level 4. HP: 20/24 MP: 5/5
   473 | D:4      | Noticed a scorpion
   492 | D:4      | Found a white marble altar of Elyvilon.
   554 | D:4      | Found Peix Yzo's Magic Scroll Shoppe.
   561 | D:4      | Bought a scroll of teleportation for 36 gold pieces
   713 | D:4      | Killed from afar by an orc wizard

Illustrated notes

Levels and vault maps discovered:
D:4:      corexii_shack_village, layout_basic, elyvilon_altar_5, serial_shops,
          nicolae_shop_waterfront, uniq_natasha
D:5:      layout_basic, mainiacjoe_overflow_surrounded_room,
          mainiacjoe_overflow_24_doors, serial_shops, nicolae_square_shop

Skill      XL: |  1  2  3  4 |
---------------+-------------+-----
Stealth        | 8 |  8.0
Fighting       | 3 |  3.4
Dodging        | 3 |  3.5
Short Blades   | 3 |  3.4

Action                     |  1- 3 |  4- 6 || total
---------------------------+-------+-------++-------
  Melee: Short sword       |    38 |    51 ||    89
   Stab: Sleeping          |     5 |     8 ||    13
 Armour: Robe              |       |     1 ||     1
  Dodge: Dodged            |    19 |    27 ||    46
